Map: Altitude LE

Players

winzboy

  • Race: Protoss Protoss
  • League: Gold
  • Spawn Location: 1:00

欺软怕硬小仙宝 - Winner!

  • Race: Terran Terran
  • League: Silver
  • Spawn Location: 7:00

VOD

Have the link to the VOD?

Description

Time

  • Played on: May 30, 2023, 12:04 a.m.
  • Length: 9:27
Show
View Real Time Build Order
Export as new Build Order

winzboy Protoss 

Build Orders: 1 Gate Expand, Zealot Archon 

Get SALT Encoding   

  12  0:01  Probe  
  13  0:18  Probe, Pylon  
  14  0:46  Gateway  
  14  0:50  Probe (Chrono Boost)  
  14  0:54  Assimilator  
  15  1:00  Probe (Chrono Boost)  
  16  1:05  Probe (Chrono Boost)  
  17  1:16  Probe  
  18  1:28  Probe  
  19  1:35  Cybernetics Core  
  19  1:41  Nexus  
  19  1:48  Pylon  
  19  1:53  Assimilator  
  19  1:57  Probe  
  20  2:09  Probe, Warp Gate  
  21  2:20  Adept (Chrono Boost)  
  21  2:21  Probe  
  20  2:55  Probe  
  20  2:56  Probe  
  22  2:59  Adept (Chrono Boost)  
  24  3:08  Probe x2  
  26  3:15  Robotics Facility  
  26  3:20  Probe x2  
  27  3:27  Stalker  
  28  3:36  Probe x2  
  31  3:48  Probe (Chrono Boost)  
  31  3:52  Probe (Chrono Boost)  
  32  4:00  Probe (Chrono Boost)  
  34  4:04  Probe (Chrono Boost)  
  34  4:11  Immortal  
  34  4:12  Probe  
  39  4:19  Pylon  
  39  4:21  Twilight Council  
  39  4:22  Probe  
  40  4:29  Pylon  
  40  4:33  Stalker  
  40  4:38  Probe (Chrono Boost)  
  43  4:54  Gateway  
  43  4:57  Gateway  
  43  4:59  Gateway  
  43  5:02  Gateway  
  38  5:25  Observer (Chrono Boost)  
  39  5:38  Assimilator  
  39  5:40  Assimilator  
  39  5:45  Charge (Chrono Boost)  
  39  5:46  Gateway  
  39  5:47  Gateway  
  39  6:12  Probe (Chrono Boost)  
  39  6:15  Probe (Chrono Boost)  
  41  6:24  Probe (Chrono Boost)  
  41  6:25  Stalker  
  45  6:27  Zealot  
  45  6:28  Probe (Chrono Boost)  
  45  6:29  Probe (Chrono Boost)  
  48  6:37  Probe  
  48  6:38  Probe  
  50  6:44  Immortal  
  54  6:53  Templar Archives  
  54  6:59  Stalker  
  47  7:20  Stalker  
  47  7:21  Stalker  
  51  7:28  Probe  
  52  7:31  High Templar  
  52  7:32  High Templar  
  52  7:34  High Templar  
  58  7:37  High Templar  
  58  7:40  Archon  
  58  7:41  Archon  
  60  7:46  Pylon  
  60  7:50  Probe x2  
  62  8:04  Probe  
  63  8:07  Pylon  
  63  8:08  Pylon  
  63  8:36  Warp Prism  
  56  8:43  Zealot x2  
  56  8:44  Zealot  
  60  8:51  Zealot  
  49  9:03  Zealot  
  49  9:04  Zealot x2  
Show
View Real Time Build Order
Export as new Build Order

欺软怕硬小仙宝 Terran - Winner!

Build Orders: Reaper Expand 

Get SALT Encoding   

  12  0:00  SCV  
  13  0:12  SCV  
  14  0:17  Supply Depot  
  14  0:24  SCV  
  15  0:39  SCV  
  15  0:40  Barracks  
  16  0:44  Refinery  
  16  0:51  SCV  
  17  1:03  SCV  
  18  1:15  SCV  
  19  1:27  Orbital Command, Reaper  
  20  1:41  Command Center  
  20  1:50  Supply Depot  
  20  1:53  SCV  
  21  2:05  SCV  
  22  2:10  Factory  
  22  2:17  SCV  
  23  2:37  SCV  
  23  2:38  Barracks Reactor  
  23  2:39  Command Center  
  24  2:53  Orbital Command  
  24  2:55  SCV  
  25  3:01  Starport  
  25  3:07  SCV  
  25  3:08  Refinery  
  26  3:19  SCV  
  27  3:25  SCV  
  28  3:31  SCV  
  29  3:37  SCV, Barracks Tech Lab  
  30  3:42  Hellion x2, Medivac  
  30  3:43  SCV  
  37  3:49  SCV  
  37  3:50  Orbital Command, Supply Depot  
  38  3:55  SCV  
  38  4:01  SCV  
  40  4:03  Hellion x2  
  40  4:08  Orbital Command, SCV, Stimpack  
  45  4:13  SCV  
  45  4:14  Refinery  
  46  4:20  SCV  
  47  4:25  SCV  
  48  4:32  SCV  
  48  4:34  SCV  
  48  4:37  SCV, Supply Depot  
  51  4:40  Marine  
  51  4:42  Starport Tech Lab  
  51  4:44  SCV  
  51  4:45  Barracks  
  53  4:46  SCV  
  53  4:48  Barracks  
  53  4:49  SCV  
  55  4:54  Factory Tech Lab  
  55  4:58  Marine  
  56  5:04  SCV x2  
  56  5:06  Supply Depot  
  57  5:11  SCV  
  58  5:16  Marine, SCV  
  60  5:21  SCV  
  60  5:26  Barracks x2, SCV  
  62  5:28  SCV  
  62  5:32  Siege Tank  
  62  5:34  Marauder, Supply Depot  
  68  5:36  Engineering Bay  
  68  5:37  Starport Reactor  
  68  5:38  SCV  
  68  5:39  SCV  
  68  5:40  Marine  
  68  5:41  Marine  
  68  5:42  Refinery  
  72  5:43  Barracks Reactor  
  72  5:46  Barracks  
  72  5:51  SCV x2  
  72  5:52  SCV  
  72  5:54  Supply Depot  
  72  5:56  Marauder  
  77  6:02  Marine x2  
  77  6:03  SCV x2  
  81  6:04  Siege Tank  
  81  6:11  Terran Infantry Weapons Level 1, Supply Depot  
  84  6:16  Supply Depot  
  84  6:17  Marauder  
  84  6:18  Barracks Tech Lab x2, Supply Depot  
  86  6:19  Marine x2  
  86  6:23  Medivac x2  
  86  6:24  Marine  
  93  6:30  Marine  
  94  6:33  SCV  
  94  6:35  Supply Depot  
  94  6:37  Marine  
  94  6:38  Marauder  
  98  6:40  SCV x2  
  98  6:44  Marine  
  98  6:45  Combat Shield  
  98  6:46  Concussive Shells  
  101  6:48  Marine, Marauder  
  101  6:53  Medivac x2  
  108  7:00  Marauder  
  110  7:06  SCV x2  
  110  7:09  Marine x4, Marauder  
  110  7:10  Siege Tank  
  110  7:11  Marauder, Supply Depot  
  110  7:14  Engineering Bay  
  121  7:16  Supply Depot  
  121  7:18  SCV x3  
  121  7:20  Marine, Supply Depot  
  125  7:22  Refinery  
  125  7:23  Refinery  
  125  7:25  Command Center  
  125  7:26  Marine  
  125  7:27  Marine x2, Medivac, Marauder  
  132  7:33  Marauder  
  134  7:39  Marine x2, Marauder  
  134  7:42  Siege Tank  
  141  7:44  Marine  
  141  7:48  Armory  
  141  7:50  Marine x3  
  145  7:53  SCV  
  145  7:54  SCV, Marauder  
  145  7:58  Marauder, Supply Depot  
  151  7:59  Supply Depot  
  151  8:01  SCV  
  152  8:07  SCV x2, Supply Depot  
  152  8:08  Supply Depot  
  152  8:10  Marine  
  152  8:11  Marauder, Supply Depot  
  157  8:39  Marine  
  157  8:40  Marine x4, Medivac, Marauder  
  157  8:41  Medivac  
  166  8:51  Marine, Marauder  
  166  8:52  Siege Tank  
  172  8:57  Marine x2  
  172  8:58  Marine  
  173  9:08  Marine x3  
  173  9:09  SCV x2  
  180  9:15  Supply Depot x2  
Tags
 
Add a new tag
Caveats
  • Supply blocks, unpowered buildings, or Contaminate may cause inaccurate times.
  • Supply counts are checked every 10 seconds.